 Dungeon Crawl Stone Soup version 0.25.1-1-g288607f (webtiles) character file.

Game seed: 17307252051976569326

70542 robertstho the Brawler (level 14, -11/135 HPs)
             Began as a Troll Berserker on July 27, 2020.
             Was a High Priest of Trog.
             Mangled by a death yak (14 damage)
             ... on level 6 of the Lair of Beasts.
             The game lasted 00:28:32 (18949 turns).

robertstho the Brawler (Troll Berserker)           Turns: 18949, Time: 00:28:32

Health: -11/135    AC: 10    Str: 30    XL:     14   Next: 94%
Magic:  13/13      EV: 10    Int:  5    God:    Trog [*****.]
Gold:   790        SH: 11    Dex:  9    Spells: 13/13 levels left

rFire    . . .     SeeInvis +     - Unarmed
rCold    . . .     Gourm    +   J - +2 kite shield "Yxaul" {+Fly rPois}
rNeg     . . .     Faith    .   g - +0 steam dragon scales
rPois    +         Spirit   .   (helmet restricted)
rElec    .         Reflect  .   O - scarf {repulsion}
rCorr    .         Harm     .   (gloves unavailable)
MR       +....                  (boots unavailable)
Stlth    ++........             (no amulet)
HPRegen  0.72/turn              P - ring of flight
MPRegen  0.13/turn              z - ring of see invisible

@: about to teleport, berserk cooldown, slowed, repel missiles, very slow
A: large, unfitting armour, claws 3, fast metabolism 3, gourmand, regeneration
1, shaggy fur 1, tough skin 3
a: Berserk, Trog's Hand, Brothers in Arms, Renounce Religion, Evoke Flight


You were on level 6 of the Lair of Beasts.
You worshipped Trog.
Trog was extremely pleased with you.
You were very full.

You visited 2 branches of the dungeon, and saw 18 of its levels.
You also visited: Volcano.

You collected 1320 gold pieces.
You spent 530 gold pieces at shops.

Inventory:

Hand Weapons
 M - a +0 broad axe of flaming
Missiles
 H - 6 curare-tipped darts (quivered)
Armour
 g - +0 steam dragon scales (worn)
 i - a +2 robe of cold resistance
 y - a +1 robe of magic resistance
 A - a scarf of resistance
 J - the +2 kite shield "Yxaul" (worn) {+Fly rPois}
   (You acquired it on level 7 of the Dungeon)

   It protects you from poison.
   It lets you fly.
 O - a scarf of repulsion (worn)
Jewellery
 v - an uncursed ring of protection from cold
 z - a ring of see invisible (right claw)
 F - an uncursed ring of protection from magic
 N - a cursed -4 ring of slaying {unknown}
 P - a ring of flight (left claw)
 Q - an uncursed amulet of regeneration {unknown}
Wands
 j - a wand of iceblast (11)
 u - a wand of disintegration (47)
 B - a wand of acid (16)
 W - a wand of clouds (9)
Scrolls
 a - 3 scrolls of enchant weapon
 d - 8 scrolls of remove curse
 l - 2 scrolls of fog {unknown}
 n - a scroll of noise {unknown}
 o - 15 scrolls of teleportation
 q - 4 scrolls of magic mapping
 w - a scroll of summoning {unknown}
 I - a scroll of holy word
 L - 5 scrolls of immolation
Potions
 c - 3 potions of flight
 e - 4 potions of haste
 f - 2 potions of stabbing
 h - 4 potions of resistance
 k - 6 potions of curing
 m - 3 potions of lignification
 p - 2 potions of magic
 r - 3 potions of mutation
 s - 2 potions of degeneration
 t - 3 potions of berserk rage
 x - 2 potions of ambrosia
 C - 2 potions of might
 G - 3 potions of heal wounds
 T - a potion of invisibility
Miscellaneous
 D - a lightning rod (4/4)
 E - 2 phantom mirrors
Comestibles
 b - 41 rations


   Skills:
 * Level 7.8 Fighting
 + Level 1.7(2.1) Axes
   Level 1.5(2.0) Polearms
 + Level 1.6 Throwing
 * Level 7.6 Armour
 + Level 7.5 Dodging
 + Level 3.1 Stealth
 + Level 2.4 Shields
 * Level 18.3 Unarmed Combat
 + Level 0.6 Evocations


You had 13 spell levels left.
You didn't know any spells.
Your spell library was empty.

Dungeon Overview and Level Annotations

Branches:
Dungeon (12/15)            Temple (0/1) D:4            Lair (6/6) D:9
  Swamp (0/4) Lair:2        Snake (0/4) Lair:4        Slime (0/5) Lair:5
    Orc (0/2) D:9         Volcano (visited)

Altars:
Dithmenos
Makhleb
Qazlal
Sif Muna
Uskayaw
Beogh

Shops:
D:6 !   D:7 *

Annotations:
Lair:3 2 transporters, Nameni's ghost, journeyman KoMo


Innate Abilities, Weirdness & Mutations

You are too large for most types of armour.
You have claws for hands.
Your metabolism is lightning-fast.
You like to eat raw meat.
Your natural rate of healing is unusually fast.
You are covered in fur. (AC +1)
You have extremely tough skin. (AC +3)


Message History

You are exhausted.
You feel yourself slow down.
Things that are here:
a yak corpse; a manticore corpse; a death yak corpse
As you read the scroll of fear, it crumbles to dust.
You assume a fearsome visage.
The death yak resists with almost no effort. x2
The yak looks frightened!
The death yak gores you!
* * * LOW HITPOINT WARNING * * *
The death yak gores the plant!
Unknown command.
You feel much better.
The death yak gores you but does no damage.
The death yak gores you!
* * * LOW HITPOINT WARNING * * *
As you read the scroll of teleportation, it crumbles to dust.
You feel strangely unstable. The death yak gores you!!
* * * LOW HITPOINT WARNING * * *
The death yak gores you!
You die...

..P .. .. .##. ##.
.... ##.. ...# ##..#
#..## #...## ### #..#
##@..# ##.###
#.###PYY##
##....####...†....#
##......##P...P###..#
# #......#..P### #..#
# #..##.....## .... #
#...###.### #.8.
####...#### ## ... .#
##...###PP# .8


You could see 2 death yaks.

Vanquished Creatures
  A frost giant (D:10)
  The ghost of Obrupiar the Protected, a journeyman DDFi of Makhleb (D:12)
  3 hydras
  Harold (D:8)
  3 catoblepae
  Erolcha (D:10)
  5 two-headed ogres
  6 death yaks
  A hell hog (Volcano)
  A fire crab (Volcano)
  An unseen horror (D:10)
  Pikel (D:6)
  2 manticores (Lair:6)
  A moth of wrath (Lair:4)
  2 black mambas
  3 spiny frogs
  Psyche (D:12)
  6 elephants
  A torpor snail (Lair:5)
  A rime drake (Lair:6)
  4 komodo dragons
  A troll (D:12)
  2 polar bears
  Grinder (D:4)
  Prince Ribbit (D:6)
  2 bog bodies (Lair:2)
  7 hippogriffs
  A fire elemental (Lair:5)
  Grum (D:8)
  A wyvern (Lair:4)
  53 yaks
  8 fire bats (Volcano)
  3 basilisks
  A steam dragon (Volcano)
  3 vampire mosquitoes (D:12)
  5 swamp worms
  16 water moccasins
  15 porcupines
  A hell hound (Volcano)
  4 sky beasts
  5 orc warriors
  2 black bears
  5 phantoms
  2 slaves (D:6)
  3 ice beasts
  8 ogres
  8 wolves
  A centaur (D:9)
  11 crocodiles
  3 big kobolds
  14 bullfrogs
  5 scorpions
  A wyvern skeleton (D:10)
  5 killer bees (D:10)
  4 wights (D:11)
  3 electric eels
  3 howler monkeys (D:7)
  2 jellies
  A quasit (D:7)
  3 bullfrog zombies
  3 centaur zombies
  10 orc priests
  8 hounds
  16 orc wizards
  5 bullfrog skeletons
  7 iguanas
  8 worker ants
  A hound skeleton (D:5)
  18 adders
  2 shadow imps (D:5)
  An ooze (D:2)
  An adder zombie (D:5)
  3 worms
  A dart slug (D:1)
  4 leopard geckos
  38 orcs
  5 ball pythons
  9 giant cockroaches
  3 goblins (D:1)
  7 hobgoblins
  8 jackals
  8 quokkas
  8 bats
  6 frilled lizards
  28 kobolds
  6 rats
  2 plants (Lair:4)
477 creatures vanquished.

Vanquished Creatures (collateral kills)
  Nessos (D:12)
  A hydra (D:12)
  Sonja (D:12)
  A spiny frog (Lair:6)
  A hungry ghost (D:10)
  A centaur (D:10)
  A bullfrog (Lair:2)
  A jelly (D:12)
  A hound skeleton (D:10)
9 creatures vanquished.

Vanquished Creatures (others)
  2 slaves (D:6)
  20 fungi
  8 plants
30 creatures vanquished.

Grand Total: 516 creatures vanquished

Notes
Turn   | Place    | Note
-------+----------+-------------------------------------------
     0 | D:1      | robertstho the Troll Berserker began the quest for the Orb.
     0 | D:1      | Reached XP level 1. HP: 22/22 MP: 0/0
    56 | D:1      | Reached XP level 2. HP: 29/29 MP: 1/1
   512 | D:1      | Reached XP level 3. HP: 30/36 MP: 2/2
   754 | D:2      | Reached ** piety under Trog
  1143 | D:2      | Reached skill level 4 in Unarmed Combat
  1285 | D:2      | Reached XP level 4. HP: 44/44 MP: 3/3
  1693 | D:3      | Reached skill level 1 in Armour
  1693 | D:3      | Reached XP level 5. HP: 36/52 MP: 4/4
  1703 | D:3      | Reached skill level 5 in Unarmed Combat
  1988 | D:3      | Reached *** piety under Trog
  2572 | D:3      | Reached XP level 6. HP: 61/61 MP: 5/5
  2727 | D:4      | Reached skill level 6 in Unarmed Combat
  2832 | D:4      | Found a staircase to the Ecumenical Temple.
  2891 | D:4      | Found a hide-covered altar of Uskayaw.
  3128 | D:4      | Noticed Grinder
  3141 | D:4      | Killed Grinder
  3141 | D:4      | Reached XP level 7. HP: 41/67 MP: 6/6
  3282 | D:5      | Entered Level 5 of the Dungeon
  3348 | D:5      | Reached skill level 7 in Unarmed Combat
  3761 | D:5      | Reached XP level 8. HP: 43/76 MP: 7/7
  3764 | D:5      | Reached skill level 8 in Unarmed Combat
  4151 | D:6      | Found Izoax's Distillery.
  4159 | D:6      | Bought a potion of magic for 88 gold pieces
  4159 | D:6      | Bought a potion of curing for 33 gold pieces
  4159 | D:6      | Bought a potion of curing for 33 gold pieces
  4159 | D:6      | Bought a potion of degeneration for 11 gold pieces
  4292 | D:6      | Noticed Prince Ribbit
  4400 | D:6      | Noticed Pikel
  4418 | D:6      | Killed Pikel
  4418 | D:6      | Reached skill level 9 in Unarmed Combat
  4436 | D:6      | Reached XP level 9. HP: 36/84 MP: 8/8
  4770 | D:6      | Killed Prince Ribbit
  4770 | D:6      | Reached skill level 10 in Unarmed Combat
  5112 | D:7      | Found Weyrumei's Assorted Antiques.
  5118 | D:7      | Bought 3 scrolls labeled MYKKYP OCEED for 69 gold pieces
  5300 | D:7      | Reached **** piety under Trog
  5586 | D:7      | Found a shimmering blue altar of Sif Muna.
  5645 | D:7      | Found a stormy altar of Qazlal.
  5663 | D:7      | Reached skill level 1 in Stealth
  6300 | D:8      | You fall into a shaft and drop 1 floor!
  6320 | D:9      | Found a staircase to the Orcish Mines.
  6558 | D:9      | Reached skill level 11 in Unarmed Combat
  6563 | D:9      | Found a staircase to the Lair.
  6678 | D:9      | Reached XP level 10. HP: 85/94 MP: 9/9
  6768 | D:9      | Found a shadowy altar of Dithmenos.
  6931 | D:9      | Found a roughly hewn altar of Beogh.
  7154 | D:10     | Entered Level 10 of the Dungeon
  7158 | D:10     | Noticed Erolcha
  7168 | D:10     | Killed Erolcha
  7168 | D:10     | Reached skill level 12 in Unarmed Combat
  7228 | D:10     | Found a transporter.
  7280 | D:10     | Noticed a two-headed ogre
  7282 | D:10     | Noticed a two-headed ogre
  7288 | D:10     | Killed a two-headed ogre
  7288 | D:10     | Reached skill level 5 in Fighting
  7288 | D:10     | Reached skill level 5 in Dodging
  7291 | D:10     | Killed a two-headed ogre
  7295 | D:10     | Reached skill level 13 in Unarmed Combat
  7553 | D:10     | Noticed a two-headed ogre
  7561 | D:10     | Killed a two-headed ogre
  7649 | D:10     | Noticed a two-headed ogre
  7670 | D:10     | Reached ***** piety under Trog
  7673 | D:10     | Reached XP level 11. HP: 101/104 MP: 10/10
  8025 | D:10     | Found a transporter.
  8026 | D:10     | Noticed a frost giant
  8067 | D:10     | Killed a two-headed ogre
  8076 | D:10     | Noticed an unseen horror
  8088 | D:10     | Killed an unseen horror
  8107 | D:10     | Killed a frost giant
  8107 | D:10     | Reached skill level 5 in Armour
  8107 | D:10     | Reached skill level 14 in Unarmed Combat
  9229 | D:12     | Noticed Sonja
  9242 | D:12     | Killed Sonja
  9348 | D:12     | Found a runed translucent door.
  9351 | D:12     | Noticed Obrupiar's ghost (journeyman DDFi)
  9351 | D:12     | Noticed a two-headed ogre
  9455 | D:12     | Noticed Nessos
  9471 | D:12     | Killed Nessos
  9471 | D:12     | Reached skill level 15 in Unarmed Combat
  9680 | D:12     | Noticed a six-headed hydra
  9690 | D:12     | Noticed Psyche
  9691 | D:12     | Killed a seven-headed hydra
  9691 | D:12     | Reached XP level 12. HP: 76/113 MP: 11/11
  9697 | D:12     | Killed Psyche
 10128 | D:12     | Killed a two-headed ogre
 10136 | D:12     | Killed Obrupiar's ghost
 10266 | Lair:1   | Entered Level 1 of the Lair of Beasts
 11313 | Lair:2   | Noticed a catoblepas
 11359 | Lair:2   | Killed a catoblepas
 11727 | Lair:2   | You fall into a shaft and drop 1 floor!
 11840 | Lair:3   | Found a dark tunnel.
 11848 | Volcano  | Entered a volcano
 11867 | Volcano  | Noticed a hell hog
 11871 | Volcano  | Reached skill level 16 in Unarmed Combat
 11882 | Volcano  | Killed a hell hog
 12396 | Lair:3   | Noticed a seven-headed hydra
 12397 | Lair:3   | Noticed a death yak
 12398 | Lair:3   | Noticed Nameni's ghost (journeyman KoMo)
 12399 | Lair:3   | Found a transporter.
 12407 | Lair:3   | Noticed a death yak
 12495 | Lair:3   | Noticed a death yak
 12496 | Lair:3   | Noticed a death yak
 12497 | Lair:3   | Noticed a death yak
 12503 | Lair:3   | Killed a death yak
 12509 | Lair:3   | Killed a death yak
 12520 | Lair:3   | Killed a death yak
 12530 | Lair:3   | Found a transporter.
 12710 | Lair:3   | Reached XP level 13. HP: 123/123 MP: 12/12
 13581 | Lair:4   | Found a burning altar of Makhleb.
 13901 | Lair:4   | Found a staircase to the Snake Pit.
 14108 | Lair:4   | Received a gift from Trog
 14306 | Lair:5   | Reached skill level 17 in Unarmed Combat
 14594 | Lair:2   | Found a staircase to the Swamp.
 15538 | D:8      | Noticed Harold
 15550 | D:8      | Killed Harold
 16023 | D:8      | Noticed Grum
 16036 | D:8      | Killed Grum
 16432 | D:7      | Identified Sif Muna's Catalogue of Talismans
 16491 | D:7      | Bought a viscous golden potion for 20 gold pieces
 16491 | D:7      | Bought a wand of clouds (3) for 276 gold pieces
 16495 | D:7      | Identified a scroll of acquirement
 16502 | D:7      | Acquired the +2 kite shield "Yxaul" {+Fly rPois}
 16510 | D:7      | Reached skill level 1 in Axes
 16510 | D:7      | Reached skill level 1 in Polearms
 16510 | D:7      | Reached skill level 1 in Throwing
 16510 | D:7      | Reached skill level 1 in Shields
 16510 | D:7      | Reached XP level 14. HP: 133/133 MP: 13/13
 17038 | Lair:5   | Found a staircase to the Slime Pits.
 18261 | Lair:6   | Entered Level 6 of the Lair of Beasts
 18491 | Lair:6   | Reached skill level 18 in Unarmed Combat
 18949 | Lair:6   | HP: 3/135 [death yak (20)]
 18949 | Lair:6   | Mangled by a death yak

Illustrated notes

Levels and vault maps discovered:
D:1:      psy_arrival_spokes, layout_basic, st_stairs_9, kennysheep_flooded_box,
          chequers_garden
D:2:      layout_basic, serial_curves, eino_curves_02, eino_curves_02
D:3:      layout_basic, first_ration
D:4:      layout_basic, lemuel_doored_altar, minmay_temple_entry_slanted,
          uniq_grinder
D:5:      layout_loops_ring
D:6:      layout_basic, serial_shops, shop, uniq_prince_ribbit1, uniq_pikel
D:7:      layout_layer_cave, lemuel_crystal_altar, led_sif_book, serial_shops,
          nicolae_shop_temple_entry_statues_fountains
D:8:      layout_cave_pods, kennysheep_donut, uniq_harold, uniq_grum
D:9:      layout_loops_ring, nicolae_dithmenos_the_darkroom,
          due_lair_maze_entry_diamond, minmay_orc_entry_temple_small
D:10:     gammafunk_the_bubble [the_bubble_gammafunk_grid], layout_loops_ring,
          uniq_erolcha
D:11:     layout_roguey
D:12:     layout_basic, ebering_ghost_inner_flame, uniq_nessos, uniq_psyche,
          uniq_sonja
Lair:1:   layout_cave_pods, lemuel_fruit_fields
Lair:2:   layout_hall_layers, nicolae_swamp_entry_splash_gauntlet, st_stairs_4,
          lemuel_fruit_fields
Lair:3:   layout_regular_city, gammafunk_ghost_arena, enter_volcano_1
Lair:4:   layout_regular_city, minmay_snake_entry_six_corridors, basic_altar,
          worms_lemuel
Lair:5:   layout_hall_layers, slime_dummy, st_stairs_6, nicolae_lair_yak_garden
Lair:6:   evilmike_catoblepas_cave, layout_gridlike,
          infiniplex_staircase_pool_2, uniq_rupert

Skill      XL: |  1  2  3  4  5  6  7  8  9 10 11 12 13 14 |
---------------+-------------------------------------------+-----
Unarmed Combat | 4 5 6 7 9 11 13 15 16 17 18 | 18.3
Armour         | 1 2 3 4 5 6 7 |  7.6
Dodging        | 3 4 5 6 7 |  7.5
Fighting       | 3 4 5 6 7 |  7.8
Stealth        | 1 2 3 |  3.1
Axes           | 1 |  1.7
Polearms       | 1 |  1.5
Throwing       | 1 |  1.6
Shields        | 1 2 |  2.4
Evocations     | |  0.6

Action                   |  1- 3 |  4- 6 |  7- 9 | 10-12 | 13-15 || total
-------------------------+-------+-------+-------+-------+-------++-------
Melee: Unarmed           |   100 |   143 |   266 |   460 |   410 ||  1379
       Punch             |     1 |       |    15 |    25 |    13 ||    54
       Glaive            |       |       |       |       |     1 ||     1
       Broad axe         |       |       |       |       |    13 ||    13
Throw: Dart              |       |       |       |     3 |     5 ||     8
Invok: Berserk           |     1 |       |     2 |     9 |    10 ||    22
       Brothers in Arms  |       |       |       |     6 |     4 ||    10
       Trog's Hand       |       |       |       |     2 |     3 ||     5
 Abil: Evoke Flight      |       |       |       |       |     1 ||     1
Evoke: Wand              |       |       |       |     5 |       ||     5
  Use: Scroll            |       |       |     9 |     6 |    13 ||    28
       Potion            |       |       |       |     5 |     2 ||     7
 Stab: Sleeping          |     1 |     1 |       |     4 |     4 ||    10
       Distracted        |       |       |     1 |       |       ||     1
  Eat: Chunk             |    18 |    17 |    35 |    66 |    67 ||   203
Armor: Animal skin       |    37 |       |       |       |       ||    37
       Robe              |     2 |    64 |    61 |    86 |       ||   213
       Steam dragon scal |       |       |       |    22 |   137 ||   159
Dodge: Dodged            |    54 |    70 |   112 |   184 |   192 ||   612
Block: Kite shield       |       |       |       |       |   116 ||   116
